 Dungeon Crawl Stone Soup version 0.19.1-1-g22dce08 (webtiles) character file.

3504 M4edhros the Martial Artist (level 10, -1/65 (66) HPs)
             Began as an Octopode Necromancer on Jan 3, 2017.
             Was a Believer of Cheibriados.
             Slain by a troll (3 damage)
             ... on level 9 of the Dungeon on Jan 4, 2017.
             The game lasted 00:34:09 (6016 turns).

M4edhros the Martial Artist (Octopode Necromancer)  Turns: 6016, Time: 00:34:09

HP:   -1/65 (66)    AC:  1    Str: 12    XL:     10   Next: 7%
MP:   10/15         EV: 18    Int: 21    God:    Cheibriados [**....]
Gold: 62            SH:  0    Dex: 22    Spells: 7 memorised, 4 levels left

rFire  + . .     SeeInvis .       - Unarmed
rCold  x . .     Gourm    .     (no shield)
rNeg   + + .     Faith    .     (helmet restricted)
rPois  .         Spirit   .     (no amulet)
rElec  .         Reflect  .     p - ring of fire
rCorr  .         Harm     .     q - ring "Wagub" {rN+ Dex+2 Stlth+}
MR     .....                    e - ring of positive energy
Stlth  +++++.....               (no ring)
                                (no ring)
                                (no ring)
                                (no ring)
                                (no ring)

@: very slow
A: almost no armour, stealthy swim, amphibious, 8 rings, constrict 8, camouflage
1, gelatinous body 1
a: Bend Time, Renounce Religion


You were on level 9 of the Dungeon.
You worshipped Cheibriados.
Cheibriados was pleased with you.
You were not hungry.

You visited 2 branches of the dungeon, and saw 10 of its levels.
You also visited: Sewer.

You collected 480 gold pieces.
You spent 418 gold pieces at shops.

Inventory:

Hand Weapons
 h - a +2 whip of draining
 r - a +2 hunting sling of flaming
 v - a +1 flail of protection
 M - the +7 sceptre of Torment
   (You found it on level 8 of the Dungeon)
Missiles
 t - 16 tomahawks (quivered)
 x - 87 stones
 D - 87 sling bullets
 E - 2 javelins
Armour
 k - a +0 shield
Magical Staves
 u - an uncursed staff of earth
Jewellery
 e - a ring of positive energy (on tentacle)
 l - an uncursed ring of ice
 p - a ring of fire (left tentacle)
 q - the ring "Wagub" (right tentacle) {rN+ Dex+2 Stlth+}
   (You found it on level 4 of the Dungeon)

   [ring of stealth]

   It affects your dexterity (+2).
   It protects you from negative energy.
   It makes you more stealthy.
Wands
 j - a wand of disintegration (9/24)
 B - a wand of enslavement (9/24)
Scrolls
 c - a scroll of vulnerability
 g - 2 scrolls of blinking
 y - 2 scrolls of immolation
 C - 3 scrolls of amnesia
 G - a scroll of fear {unknown}
 H - 2 scrolls of magic mapping {unknown}
 K - a scroll of enchant weapon
Potions
 d - 5 potions of brilliance
 i - 2 potions of magic
 m - a potion of flight
 n - a potion of ambrosia
 w - 3 potions of resistance
 I - a potion of heal wounds
 J - 2 potions of mutation {unknown}
Books
 a - a book of Necromancy

   Spells                             Type                      Level
   a - Pain                           Necromancy                   1
   b - Animate Skeleton               Necromancy                   1
   c - Vampiric Draining              Necromancy                   3
   d - Regeneration                   Charms/Necromancy            3
   e - Animate Dead                   Necromancy                   4
   f - Control Undead                 Necromancy                   4
 f - a book of Cantrips

   Spells                             Type                      Level
   a - Confusing Touch                Hexes                        1
   b - Animate Skeleton               Necromancy                   1
   c - Summon Small Mammal            Summoning                    1
   d - Apportation                    Translocation                1
 o - a Necronomicon

   Spells                             Type                      Level
   a - Haunt                          Necromancy/Summoning         7
   b - Borgnjor's Revivification      Necromancy                   8
   c - Death's Door                   Charms/Necromancy            8
   d - Infestation                    Necromancy                   8
   e - Necromutation                  Transmutation/Necromancy     8
 z - a book of Conjurations

   Spells                             Type                      Level
   a - Magic Dart                     Conjuration                  1
   b - Searing Ray                    Conjuration                  2
   c - Dazzling Spray                 Conjuration/Hexes            3
   d - Fulminant Prism                Conjuration/Hexes            4
   e - Iskenderun's Mystic Blast      Conjuration                  4
   f - Iskenderun's Battlesphere      Conjuration/Charms           5
 A - a book of Maledictions

   Spells                             Type                      Level
   a - Corona                         Hexes                        1
   b - Ensorcelled Hibernation        Hexes/Ice                    2
   c - Confuse                        Hexes                        3
   d - Tukima's Dance                 Hexes                        3
   e - Dazzling Spray                 Conjuration/Hexes            3
Miscellaneous
 F - a box of beasts
Comestibles
 b - 3 bread rations
 s - 8 fruits
 L - 16 chunks of flesh


   Skills:
 * Level 5.4 Fighting
 * Level 5.5 Dodging
 - Level 2.6 Stealth
 * Level 5.3 Shields
 + Level 8.8 Unarmed Combat
 + Level 3.3 Spellcasting
 - Level 4.4 Hexes
 - Level 4.0 Necromancy


You had 4 spell levels left.
You knew the following spells:

 Your Spells              Type           Power        Failure   Level  Hunger
a - Pain                  Necr           ###.         2%          1    None
b - Animate Skeleton      Necr           N/A          2%          1    None
c - Regeneration          Chrm/Necr      ##........   21%         3    ###....
d - Confusing Touch       Hex            ###...       1%          1    None
e - Apportation           Tloc           #.........   14%         1    None
f - Summon Small Mammal   Summ           #...         14%         1    None
g - Confuse               Hex            ###.....     10%         3    ###....


Dungeon Overview and Level Annotations

Branches:
Dungeon (9/15)             Temple (1/1) D:7            Lair (0/6) D:8
    Orc: D:9-12

Altars:
Ashenzari
Cheibriados
Dithmenos
Elyvilon
Gozag
Hepliaklqana
Kikubaaqudgha
Makhleb
Nemelex Xobeh
Okawaru
Qazlal
Ru
Sif Muna
Trog
Vehumet
Yredelemnul
Zin
The Shining One

Shops:
D:8 *

Annotations:
D:6 ELECTRIC EELS, exclusion: electric eel
D:7 eXcel's ghost, novice MiGl


Innate Abilities, Weirdness & Mutations

You cannot wear most types of armour.
You are very stealthy in the water. (Stealth+)
You are amphibious.
You can wear up to eight rings at the same time.
You can use your tentacles to constrict eight enemies at once.
Your skin changes colour to match your surroundings (Stealth+).
Your rubbery body absorbs attacks. (AC +1, EV +1)


Message History

You catch the helpless troll completely off-guard!
You tentacle-slap the troll but do no damage.
You squeeze the troll!
The troll is almost dead.
You tentacle-slap the troll.
The troll is almost dead.
You barely miss the troll.
The troll is almost dead.
The troll seems less confused.
The troll bites you!
* * * LOW HITPOINT WARNING * * *
The troll completely misses you. The troll barely misses you.
Your hippogriff skeleton closely misses the troll.
Your hippogriff skeleton pecks the troll but does no damage.
Your hippogriff skeleton claws the troll.
You barely miss the troll.
The troll is almost dead.
The troll bites you!
* * * LOW HITPOINT WARNING * * *
The troll barely misses you. The troll claws you.
You die...

.....#..# #..#......#.......#
.....#.......#...####.......#
.....#####+###...# ###.....#
.....# ...... #..##.# .....#
......... #..##.# ...[.#
........... #.....# +#####
##########+###..<..#
......Z.Z..........#
......Z@Z..........#
......T###....##...# ..$.#..
#....# ...# ....... #....#
...# . ..... #....# ...#
....... #...... ..# .......
........ ####### #########


You could see a troll, a friendly hippogriff skeleton and 3 friendly orc
skeletons.

Vanquished Creatures
  A centaur zombie (D:9)
  The ghost of eXcel the Cruncher, a novice MiGl (D:6)
  A two-headed ogre (D:8)
  3 hippogriffs
  Edmund (D:4)
  A sky beast (D:5)
  A necrophage (D:8)
  A phantom (D:5)
  The ghost of monokles the Skirmisher, an amateur DsBe of Trog (D:3)
  An ogre (D:8)
  A centaur (D:4)
  2 bullfrogs (D:6)
  An electric eel (D:6)
  5 wights (D:7)
  3 howler monkeys (D:7)
  4 crimson imps
  2 jellies (D:8)
  5 orc priests
  A centaur skeleton (D:8)
  2 hounds
  9 orc wizards
  Jessica (D:3)
  2 worker ants
  2 hound skeletons
  13 adders
  3 shadow imps
  An ooze (D:4)
  An adder skeleton (D:7)
  An adder zombie (D:7)
  12 dart slugs
  3 leopard geckos
  30 orcs
  5 ball pythons
  4 bats
  4 giant cockroaches
  5 hobgoblins
  3 jackals (D:7)
  3 quokkas
  9 frilled lizards
  5 goblins
  A jackal skeleton (D:4)
  A jackal zombie (D:6)
  4 kobolds
  A leopard gecko skeleton (D:8)
  A quokka skeleton (D:6)
  5 rats
167 creatures vanquished.

Vanquished Creatures (collateral kills)
  An adder (D:4)
  3 orcs
  A hobgoblin (D:2)
  A frilled lizard (Sewer)
  A goblin (D:2)
7 creatures vanquished.

Vanquished Creatures (others)
  An iguana (D:9)
  A worker ant (D:9)
  A plant (D:6)
3 creatures vanquished.

Grand Total: 177 creatures vanquished

Notes
Turn   | Place    | Note
-------+----------+-------------------------------------------
     0 | D:1      | M4edhros the Octopode Necromancer began the quest for the Orb.
     0 | D:1      | Reached XP level 1. HP: 11/11 MP: 3/3
    68 | D:1      | Reached skill level 1 in Unarmed Combat
    77 | D:1      | Learned a level 1 spell: Animate Skeleton
   272 | D:2      | Reached XP level 2. HP: 15/17 MP: 0/5
   323 | D:2      | Reached skill level 2 in Unarmed Combat
   323 | D:2      | Reached XP level 3. HP: 17/21 MP: 2/6
   328 | D:2      | Learned a level 3 spell: Regeneration
   390 | D:2      | Reached skill level 3 in Unarmed Combat
   519 | D:3      | Reached XP level 4. HP: 22/27 MP: 0/7
   520 | D:3      | Found a glowing drain.
   548 | Sewer    | Entered a sewer
   867 | D:3      | Noticed monokles's ghost (amateur DsBe)
   890 | D:3      | Reached skill level 4 in Unarmed Combat
   910 | D:3      | Found an ancient bone altar of Kikubaaqudgha.
   982 | D:4      | Reached XP level 5. HP: 17/31 MP: 3/8
  1000 | D:4      | Found a radiant altar of Vehumet.
  1006 | D:4      | Reached skill level 5 in Unarmed Combat
  1022 | D:4      | HP: 1/31 [orc priest/whip (6)]
  1127 | D:4      | Reached XP level 6. HP: 33/36 MP: 2/9
  1151 | D:4      | Got a brightly glowing bronze ring
  1152 | D:4      | Identified the ring "Wagub" {rN+ Dex+2 Stlth+} (You found it on level 4 of the Dungeon)
  1222 | D:4      | Found a stormy altar of Qazlal.
  1235 | D:4      | Reached skill level 6 in Unarmed Combat
  1328 | D:5      | Entered Level 5 of the Dungeon
  1339 | D:5      | Found an iron altar of Okawaru.
  1350 | D:5      | Found a sacrificial altar of Ru.
  1353 | D:5      | Learned a level 1 spell: Confusing Touch
  1355 | D:5      | Learned a level 1 spell: Apportation
  1357 | D:5      | Learned a level 1 spell: Summon Small Mammal
  1749 | D:6      | Reached skill level 7 in Unarmed Combat
  1749 | D:6      | Reached XP level 7. HP: 20/41 MP: 2/10
  1958 | D:6      | Noticed a hippogriff
  2188 | D:5      | Reached skill level 1 in Fighting
  2188 | D:5      | Reached skill level 1 in Hexes
  2326 | D:5      | Reached skill level 1 in Shields
  2326 | D:5      | Reached XP level 8. HP: 29/48 MP: 8/11
  2611 | D:7      | Noticed eXcel's ghost (novice MiGl)
  2678 | D:7      | Reached skill level 8 in Unarmed Combat
  3000 | D:6      | Noticed eXcel's ghost (novice MiGl)
  3065 | D:4      | Noticed Edmund
  3279 | D:4      | Killed Edmund
  3504 | D:7      | Found a hazy altar of Hepliaklqana.
  3566 | D:7      | Noticed a hippogriff
  3582 | D:7      | Killed a hippogriff
  3582 | D:7      | Reached XP level 9. HP: 55/55 MP: 2/12
  3661 | D:7      | Found a staircase to the Ecumenical Temple.
  3666 | Temple   | Entered the Ecumenical Temple
  3684 | Temple   | Became a worshipper of Cheibriados the Contemplative
  3960 | D:3      | 4k turns before finding temple..
  4026 | D:3      | Found a glowing golden altar of the Shining One.
  4182 | D:3      | Learned a level 3 spell: Confuse
  4185 | D:3      | Noticed Jessica
  4191 | D:3      | Killed Jessica
  4193 | D:3      | Found a deep blue altar of Sif Muna.
  4330 | D:3      | Killed monokles's ghost
  4522 | D:2      | Found an opulent altar of Gozag.
  4564 | D:2      | Reached * piety under Cheibriados
  5101 | D:6      | Killed eXcel's ghost
  5346 | D:8      | Found a shadowy altar of Dithmenos.
  5448 | D:8      | Found Reggyss's Assorted Antiques.
  5522 | D:8      | Bought a box of beasts for 380 gold pieces
  5522 | D:8      | Bought a scroll labeled PAONET DUBRE for 19 gold pieces
  5522 | D:8      | Bought a scroll labeled WUPIME MULORO for 19 gold pieces
  5722 | D:8      | Found a staircase to the Lair.
  5726 | D:8      | Reached ** piety under Cheibriados
  5798 | D:8      | Noticed a two-headed ogre
  5809 | D:8      | Killed a two-headed ogre
  5809 | D:8      | Reached skill level 5 in Dodging
  5856 | D:8      | lol found sceptre of Torment. it can be nice for statue form
  5954 | D:9      | Reached skill level 5 in Fighting
  5954 | D:9      | Reached skill level 5 in Shields
  5996 | D:9      | Reached XP level 10. HP: 45/65 MP: 10/15
  6016 | D:9      | HP: 2/65 [troll (17)]
  6016 | D:9      | Slain by a troll

Skill      XL: |  1  2  3  4  5  6  7  8  9 |
---------------+----------------------------+-----
Unarmed Combat | 1 2 3 4 5 7 8 |  8.8
Fighting       | 1 3 5 |  5.4
Hexes          | 2 4 |  4.4
Shields        | 1 3 5 |  5.3
Dodging        | 3 5 |  5.5
Spellcasting   | 3 |  3.3
Stealth        | |  2.6
Necromancy     | |  4.0

Action                   |  1- 3 |  4- 6 |  7- 9 | 10-12 || total
-------------------------+-------+-------+-------+-------++-------
Melee: Unarmed           |    37 |   136 |   283 |     8 ||   464
       Constrict         |     6 |    30 |    66 |       ||   102
       Tentacles         |     4 |    21 |    68 |     3 ||    96
       Punch             |     1 |     3 |    20 |       ||    24
       Flail             |       |       |    57 |       ||    57
Throw: Tomahawk          |       |       |     5 |       ||     5
 Cast: Pain              |    13 |    10 |    16 |       ||    39
       Animate Skeleton  |     4 |    11 |    29 |       ||    44
       Regeneration      |     4 |    14 |    55 |     1 ||    74
       Apportation       |       |     2 |     4 |       ||     6
       Confusing Touch   |       |       |    11 |     1 ||    12
       Summon Small Mamm |       |       |     1 |       ||     1
       Confuse           |       |       |     2 |       ||     2
Evoke: Wand              |       |       |     1 |       ||     1
  Use: Potion            |     1 |     5 |     9 |       ||    15
       Scroll            |       |     6 |    13 |       ||    19
 Stab: Sleeping          |     2 |     9 |    25 |       ||    36
       Confused          |       |       |     6 |     1 ||     7
       Distracted        |       |       |     2 |       ||     2
  Eat: Chunk             |       |     7 |    18 |       ||    25
       Meat ration       |       |       |     1 |       ||     1
Armor: Skin              |    11 |     3 |    31 |       ||    45
Dodge: Dodged            |    17 |    78 |   214 |     7 ||   316
